 Dungeon Sprint DCSS version 0.30-a0-779-g7971cf19c3 (webtiles) character file.

Game seed: 7858054107601358741

110 dialectric the Trooper (level 4, -1/40 HPs)
             Began as a Demonspawn Fighter on Feb 17, 2023.
             Slain by Sigmund
             ... wielding a +0 scythe
              (7 damage)
             ... in the Dungeon (Sprint I: "Red Sonja").
             The game lasted 00:00:31 (154 turns).

dialectric the Trooper (Demonspawn Fighter)          Turns: 154, Time: 00:00:31

Health: -1/40      AC:  7    Str: 19    XL:     4   Next: 61%
Magic:  4/4        EV:  9    Int:  9    God:
Gold:   54         SH:  0    Dex: 12    Spells: 3/3 levels left

rFire   . . .      SeeInvis .    a - +0 long sword
rCold   . . .      Faith    .    (no shield)
rNeg    . . .      Spirit   .    b - +0 scale mail
rPois   .          Reflect  .    (helmet restricted)
rElec   .          Harm     .    (no cloak)
rCorr   .          Rampage  .    (no gloves)
Will    .....      NoTele   +    (no boots) Stlth
                                 (no amulet)
HPRegen 0.26/turn                (no ring)
MPRegen 0.09/turn                (no ring)

@: confused
A: antennae 1
a: no special abilities


You were in the Dungeon.
You visited 1 branch You collected 54 gold pieces.

Inventory:

Hand Weapons
 a - a +0 long sword (weapon)
Armour
 b - a +0 scale mail (worn)
 c - a +0 buckler
Wands
 e - a wand of roots (8)
Scrolls
 j - a scroll of blinking
Potions
 d - a potion of might
 g - a potion of haste
 h - 2 potions of magic
 i - a potion of berserk rage


   Skills:
 + Level 6.1 Fighting
 + Level 4.7 Long Blades
 + Level 5.8 Armour
 - Level 2.6 Shields


You had 3 spell levels left.
You didn't know any spells.
Your spell library was empty.

Dungeon Overview and Level Annotations

Branches:
Dungeon (1/1)

Altars:

Annotations:
D Sigmund


Innate Abilities, Weirdness & Mutations

You have a pair of small antennae on your head.


Message History

You barely miss something.
You hear some strange, mumbled words.
You are confused.
You hit something.
You hear some strange, mumbled words.
You are more confused.
You bump into the stone wall.
Something hits you.
You miss something. Something hits you.
* * * LOW HITPOINT WARNING * * *
You completely miss something. Something hits you.
* * * LOW HITPOINT WARNING * * *
You closely miss something. Something hits you but does no damage.
There is an open door here.
Sigmund appears from thin air!
Reactivating autopickup.
Sigmund barely misses you.
You're too confused to move!
You barely miss Sigmund.
Sigmund is almost dead.
Sigmund barely misses you. Sigmund gestures at you while chanting.
You are more confused.
There is an open door here.
You bump into the rock wall.
Sigmund hits you from afar with a +0 scythe.
* * * LOW HITPOINT WARNING * * *
You bump into the rock wall.
You are too confused!
Unknown command.
Sigmund hits you but does no damage.
There is an open door here.
You hit Sigmund.
Sigmund is almost dead.
Sigmund breathes a few words.
Sigmund's hands start flickering wildly.
Sigmund points at you and mumbles some strange words.
You are more confused.
You're too confused to move!
Sigmund hits you with a +0 scythe!
You die...

#############
#<.#..').#..+
#..').#..@@.#
#..#####'####
#..# #..#
#..# ####
#..# #⌠⌠#
####


You could see Sigmund.

Vanquished Creatures
  An ogre (D)
  Ijyb (D)
2 creatures vanquished.

Notes
Turn   | Place    | Note
-------+----------+-------------------------------------------
     0 | D        | dialectric the Demonspawn Fighter began the quest for the
                  | Orb.
     0 | D        | Reached XP level 1. HP: 18/18 MP: 1/1
     8 | D        | Noticed Ijyb
    19 | D        | Killed Ijyb
    20 | D        | Reached skill level 4 in Fighting
    20 | D        | Gained mutation: You have a pair of small antennae on your
                  | head. [demonic ancestry]
    20 | D        | Reached XP level 2. HP: 9/26 MP: 2/2
    93 | D        | Noticed an ogre
   101 | D        | Killed an ogre
   102 | D        | Reached skill level 6 in Fighting
   102 | D        | Reached skill level 5 in Armour
   102 | D        | Reached XP level 3. HP: 28/34 MP: 3/3
   102 | D        | Reached XP level 4. HP: 34/40 MP: 4/4
   111 | D        | Noticed Sigmund
   154 | D        | Slain by Sigmund

Illustrated notes

Levels and vault maps discovered:
D:        dungeon_sprint_1 [red_sonja_temple_1, red_sonja_temple_small_1]

Skill      XL: |  1  2 |
---------------+-------+-----
Fighting       | 4 6 |  6.1
Long Blades    | 3 4 |  4.7
Armour         | 4 5 |  5.8
Shields        | |  2.6

Action                     |  1- 3 |  4- 6 || total
---------------------------+-------+-------++-------
  Melee: Long sword        |    16 |    30 ||    46
    Use: Potion            |     1 |     1 ||     2
 Armour: Scale mail        |     1 |     9 ||    10
  Dodge: Dodged            |    10 |     4 ||    14

Table legend: (Time is in decaauts)
 A = Elapsed time spent in this place.
 B = Non-inter-level travel time spent in this place.
 C = Inter-level travel time spent in this place.
 D = Time resting spent in this place.
 E = Time spent auto-exploring this place.
 F = Levels seen in this place.
 G = Mean time per level.
                   A        B        C        D        E       F      G
               +--------+--------+--------+--------+--------+-----+--------+
         Total |    164 |    164 |      0 |     69 |      0 |   1 |  164.0 |
       Dungeon |    164 |    164 |      0 |     69 |      0 |   1 |  164.0 |
               +--------+--------+--------+--------+--------+-----+--------+

Top non-repeatable levels by time:
       D: 164 daAuts
